 Dungeon Crawl Stone Soup version 0.29-a0-341-g24ffce5b50 (webtiles) character file.

Game seed: 17331761527544254175

5595 bande the Cleaver (level 10, -10/61 HPs)
             Began as a Gargoyle Fighter on Apr 21, 2022.
             Was an Elder of Okawaru.
             Killed by divine providence
             ... invoked by an orc priest
              (16 damage)
             ... on level 9 of the Dungeon.
             The game lasted 00:20:26 (8205 turns).

bande the Cleaver (Gargoyle Fighter)                Turns: 8205, Time: 00:20:26

Health: -10/61     AC: 33    Str: 19    XL:     10   Next: 73%
Magic:  14/14      EV:  5    Int: 13    God:    Okawaru [****..]
Gold:   417        SH:  5    Dex: 13    Spells: 9/9 levels left

rFire   . . .      SeeInvis .   I - +3 war axe
rCold   . . .      Faith    .   c - +0 buckler
rNeg    + . .      Spirit   .   f - +0 plate armour
rPois   ∞          Reflect  .   l - +0 helmet
rElec   +          Harm     .   b - +0 cloak
rCorr   .          Rampage  .   q - +1 pair of gloves
Will    .....                   (no boots)
Stlth   ..........              p - amulet "Fofraed" {Regen+ Int+3 Slay+2}
HPRegen 1.00/turn               J - +4 ring of protection
MPRegen 0.14/turn               h - +4 ring of protection

@: no status effects
A: sickness immunity, AC +7, negative energy resistance 1, electricity
resistance, torment resistance 1, petrification resistance, MP-powered wands
a: Renounce Religion, Heroism, Finesse


You were on level 9 of the Dungeon.
You worshipped Okawaru.
Okawaru was greatly pleased with you.
You visited 2 branches of the dungeon, and saw 10 of its levels.

You collected 417 gold pieces.

Inventory:

Hand Weapons
 a - a +1 war axe
 y - a +3 vorpal flail
 I - a +3 war axe (weapon)
Missiles
 u - a throwing net (quivered)
Armour
 b - a +0 cloak (worn)
 c - a +0 buckler (worn)
 f - a +0 plate armour (worn)
 l - a +0 helmet (worn)
 q - a +1 pair of gloves (worn)
Jewellery
 e - a ring of protection from cold
 h - a +4 ring of protection (right hand)
 p - the amulet "Fofraed" (around neck) {Regen+ Int+3 Slay+2}
   (You found it on level 3 of the Dungeon)

   [amulet of regeneration]

   Int:       It affects your intelligence (+3).
   Slay:      It affects your accuracy & damage with ranged weapons and melee
   (+2).
   Regen:     It increases your rate of health regeneration.
 s - a ring of protection from fire
 t - a ring of fire
 x - a ring of magical power
 J - a +4 ring of protection (left hand)
Wands
 g - a wand of iceblast (10)
 E - a wand of paralysis (22)
Scrolls
 j - 3 scrolls of blinking
 k - 3 scrolls of teleportation
 m - 5 scrolls of identify
 w - a scroll of fog
 C - a scroll of silence
 D - 2 scrolls of amnesia
 G - a scroll of enchant weapon
Potions
 d - 2 potions of might
 i - 2 potions of heal wounds
 n - 2 potions of ambrosia
 o - 2 potions of haste
 r - a potion of invisibility
 z - 2 potions of curing
 A - 2 potions of berserk rage
 B - 3 potions of cancellation
 F - a potion of flight
 H - a potion of magic


   Skills:
 + Level 6.9 Fighting
 + Level 9.4 Axes
 + Level 7.2 Armour
 - Level 0.7 Stealth
 + Level 5.6 Shields
 * Level 6.0 Invocations
 * Level 4.9 Evocations


You had 9 spell levels left.
You didn't know any spells.
Your spell library contained the following spells:

 Spells                   Type           Power      Damage    Failure   Level
 Dazzling Flash           Conj/Hex       0%         N/A       100%        3
 Gell's Gravitas          Tloc           0%         N/A       100%        3
 Lesser Beckoning         Tloc           0%         N/A       100%        3
 Teleport Other           Tloc           0%         N/A       100%        3
 Hailstorm                Conj/Ice       0%         3d3       100%        4
 Ice Form                 Ice/Tmut       0%         N/A       100%        4
 Iskenderun's Mystic Bla  Conj/Tloc      0%         2d3       100%        4
 Starburst                Conj/Fire      0%         6d3       100%        6
 Simulacrum               Ice/Necr       Unusable   N/A       N/A         6

Dungeon Overview and Level Annotations

Branches:
Dungeon (9/15)             Temple (1/1) D:4
   Lair: D:8-11         Orc: D:9-12

Altars:
Ashenzari
Cheibriados
Dithmenos
Elyvilon
Fedhas
Gozag
Hepliaklqana
Kikubaaqudgha
Makhleb
Nemelex Xobeh
Okawaru
Qazlal
Ru
Sif Muna
Trog
Uskayaw
Vehumet
Wu Jian
Xom
Yredelemnul
Zin
The Shining One

Shops:
D:6 *   D:7 :

Annotations:
D:5 2 transporters, Cecur's ghost, novice DsFE


Innate Abilities, Weirdness & Mutations

You are immune to sickness and miasma.
Your stone body is resilient. (AC +7)
You are immune to poison.
You resist negative energy. (rN+)
You are resistant to electric shocks. (rElec)
You are resistant to unholy torment.
You are immune to petrification.
You expend magic power (3 MP) to strengthen your wands.


Message History

The centaur unwields a +0 shortbow.
The centaur hits you but does no damage.
The centaur barely misses you.
You slash the two-headed ogre!
The two-headed ogre is heavily wounded.
You slash the centaur!
An orc wizard comes into view. It is wielding a +0 dagger.
The centaur hits you but does no damage.
You block the centaur's attack. The two-headed ogre barely misses you.
The two-headed ogre hits you with a +0 giant club.
You barely miss the two-headed ogre.
The two-headed ogre is heavily wounded.
You barely miss the centaur.
The orc wizard shouts!
You block the centaur's attack. The centaur barely misses you.
The centaur hits you but does no damage.
The centaur kicks you but does no damage.
You slash the two-headed ogre!
The two-headed ogre is almost dead.
You hit the centaur.
The two-headed ogre hits you with a +0 giant spiked club!!
* * * LOW HITPOINT WARNING * * *
The two-headed ogre hits you with a +0 giant club!
* * * LOW HITPOINT WARNING * * *
The orc wizard casts a spell.
The orc wizard flickers and vanishes!
Deactivating autopickup; reactivate with Ctrl-A.
An orc priest comes into view. It is wielding a +3 flail.
You block the centaur's attack.
The centaur kicks you but does no damage.
You slash the two-headed ogre!
You kill the two-headed ogre!
Okawaru accepts your kill.
You slash the centaur!
You kill the centaur!
Okawaru accepts your kill.
Your Invocations skill increases to level 6!
The orc priest mumbles some strange prayers to Beogh against you.
Beogh smites you!
You die...

..#............
....!....o.....
........{...... #.............
#.............
#...))..............
#...###...................
#.......##................
#........@................
#.........................
#.........................
###.........................
##............#..............
##.....)<.....###.....#.......
#............##.......###.....
#....#.......####...#.........
#...####..)..####..##.........


You could see an orc priest.

Vanquished Creatures
  A two-headed ogre (D:9)
  Pikel (D:7)
  Sigmund (D:2)
  A wyvern (D:6)
  6 yaks (D:7)
  A water moccasin (D:8)
  A black bear (D:6)
  3 ice beasts
  2 ogres
  2 centaurs
  A phantom (D:5)
  A lemure (D:7)
  A kobold brigand (D:6)
  A gnoll sergeant (D:7)
  3 necrophages
  5 bullfrogs
  5 scorpions
  9 wights (D:8)
  An electric eel (D:6)
  3 howler monkeys
  2 gnoll shamans
  3 hounds
  3 orc priests
  A jelly (D:8)
  An iguana (D:4)
  Terence (D:2)
  Natasha (thrice) (D:4)
  6 orc wizards
  Robin (D:2)
  15 gnolls
  8 adders
  2 shadow imps
  2 white imps (D:7)
  An ufetubus (D:5)
  3 worms
  5 dart slugs
  16 orcs
  8 endoplasms
  3 giant cockroaches (D:1)
  16 goblins
  7 hobgoblins
  4 jackals (D:1)
  5 kobolds
  2 quokkas
  8 ball pythons
  5 bats
  2 frilled lizards
  7 rats
189 creatures vanquished.

Vanquished Creatures (others)
  An orc wizard (D:5)
1 creature vanquished.

Grand Total: 190 creatures vanquished

Notes
Turn   | Place    | Note
-------+----------+-------------------------------------------
     0 | D:1      | bande the Gargoyle Fighter began the quest for the Orb.
     0 | D:1      | Reached XP level 1. HP: 14/14 MP: 1/1
    50 | D:1      | Reached XP level 2. HP: 11/19 MP: 2/2
   605 | D:1      | Reached skill level 2 in Axes
   980 | D:1      | Reached XP level 3. HP: 23/24 MP: 3/3
  1128 | D:2      | Noticed Robin
  1315 | D:2      | Killed Robin
  1316 | D:2      | Reached XP level 4. HP: 9/29 MP: 4/4
  1566 | D:2      | Found a faded altar of an unknown god.
  1822 | D:2      | Gained mutation: You expend magic power (3 MP) to
                  | strengthen your wands. [potion of mutation]
  1912 | D:2      | Noticed Terence
  1930 | D:2      | Killed Terence
  2270 | D:2      | Noticed Sigmund
  2279 | D:2      | Reached skill level 3 in Axes
  2288 | D:2      | Killed Sigmund
  2289 | D:2      | Reached XP level 5. HP: 24/33 MP: 5/5
  2289 | D:2      | Reached XP level 6. HP: 27/38 MP: 6/6
  2990 | D:3      | Found a sparkling altar of Nemelex Xobeh.
  3033 | D:3      | Reached skill level 4 in Axes
  3057 | D:3      | Found a broken altar of Ashenzari.
  3152 | D:3      | Identified the amulet "Fofraed" {Regen+ Int+3 Slay+2}
  3791 | D:4      | Reached skill level 5 in Armour
  3791 | D:4      | Reached XP level 7. HP: 44/44 MP: 7/7
  3977 | D:4      | Noticed Natasha
  3989 | D:4      | Killed Natasha
  4026 | D:4      | Found a staircase to the Ecumenical Temple.
  4036 | Temple   | Entered the Ecumenical Temple
  4093 | Temple   | Became a worshipper of Warmaster Okawaru
  4143 | D:4      | Noticed Natasha
  4156 | D:4      | Killed Natasha
  4191 | D:4      | Reached skill level 1 in Invocations
  4459 | D:4      | Found a hazy altar of Hepliaklqana.
  4463 | D:4      | Found a shimmering blue altar of Sif Muna.
  4528 | D:4      | Noticed Natasha
  4536 | D:4      | Killed Natasha
  4537 | D:4      | Reached skill level 5 in Axes
  4598 | D:4      | Reached skill level 1 in Evocations
  4933 | D:5      | Entered Level 5 of the Dungeon
  4968 | D:5      | Found a transporter.
  4980 | D:5      | Reached skill level 5 in Fighting
  4980 | D:5      | Reached XP level 8. HP: 32/49 MP: 9/9
  5026 | D:5      | Reached * piety under Okawaru
  5079 | D:5      | Reached skill level 6 in Axes
  5491 | D:5      | Found a transporter.
  5491 | D:5      | Noticed Cecur's ghost (novice DsFE)
  5833 | D:6      | Found Feuqezxu's Wicked Wares.
  5837 | D:6      | Noticed a wyvern
  5846 | D:6      | Killed a wyvern
  5846 | D:6      | Reached ** piety under Okawaru
  5853 | D:6      | Reached XP level 9. HP: 54/54 MP: 11/11
  5919 | D:6      | Reached skill level 5 in Shields
  6036 | D:6      | Reached skill level 7 in Axes
  6383 | D:7      | Found a shimmering altar of Xom.
  6455 | D:7      | Reached *** piety under Okawaru
  6544 | D:7      | Reached skill level 8 in Axes
  6552 | D:7      | Reached skill level 5 in Invocations
  6552 | D:7      | Reached XP level 10. HP: 50/61 MP: 13/13
  6882 | D:7      | Found Atimuikh's Self-Improvement Boutique.
  6882 | D:7      | Noticed Pikel
  6900 | D:7      | Killed Pikel
  6900 | D:7      | Reached **** piety under Okawaru
  7554 | D:8      | Found a bloodstained altar of Trog.
  7573 | D:8      | Reached skill level 9 in Axes
  8097 | D:9      | Found a snail-covered altar of Cheibriados.
  8104 | D:9      | Found a shadowy altar of Dithmenos.
  8104 | D:9      | Found a glowing golden altar of the Shining One.
  8192 | D:9      | Noticed a two-headed ogre
  8202 | D:9      | HP: 3/61 [two-headed ogre/+0 giant spiked club (9)]
  8203 | D:9      | Killed a two-headed ogre
  8205 | D:9      | Killed from afar by an orc priest

Illustrated notes

Levels and vault maps discovered:
D:1:      evilmike_arrival_crescent, layout_loops_corners, serial_bayou_pond_c
D:2:      layout_basic, ebering_ecumenical_altar_webs, uniq_sigmund,
          uniq_terence, uniq_robin
D:3:      layout_basic, lemuel_tele_altar, cheibrodos_ashenzari_chains
D:4:      layout_loops_corners, nicolae_overflow_hidden_temple,
          minmay_temple_entry_offerings, st_stairs_7, kennysheep_generic_room_8,
          uniq_natasha
D:5:      layout_basic, gammafunk_ghost_mausoleum, minivault_4
D:6:      layout_rooms, nrook_pool_corridor, nicolae_evil_shop
D:7:      layout_basic, mainiacjoe_overflow_surrounded_room, minivault_10,
          nicolae_shop_self_help, uniq_pikel
D:8:      layout_basic, mainiacjoe_overflow_24_doors
D:9:      layout_cave_pools, minitemple, hellmonk_ghost_happy_afterlife,
          minivault_20, grunt_decor_cap, serial_bayou_pond_d, amethyst_killhole,
          minmay_misc_feat_ornament
Temple:   cyrus_circular_temple

Skill      XL: |  1  2  3  4  5  6  7  8  9 10 |
---------------+-------------------------------+-----
Axes           | 2 3 4 5 6 8 9 |  9.4
Fighting       | 4 5 6 |  6.9
Armour         | 4 5 6 7 |  7.2
Shields        | 4 5 |  5.6
Invocations    | 1 3 5 6 |  6.0
Evocations     | 1 2 4 |  4.9
Stealth        | |  0.7

Action                   |  1- 3 |  4- 6 |  7- 9 | 10-12 || total
-------------------------+-------+-------+-------+-------++-------
Melee: War axe           |    85 |   124 |   302 |   117 ||   628
  Use: Scroll            |       |    10 |     9 |     5 ||    24
       Potion            |       |     1 |     1 |       ||     2
Armor: Scale mail        |    10 |       |       |       ||    10
       Plate armour      |    61 |   119 |   319 |   123 ||   622
Dodge: Dodged            |    39 |    32 |    99 |    34 ||   204
Block: Buckler           |    29 |    25 |    87 |    49 ||   190

Table legend: (Time is in decaauts)
 A = Elapsed time spent in this place.
 B = Non-inter-level travel time spent in this place.
 C = Inter-level travel time spent in this place.
 D = Time resting spent in this place.
 E = Time spent auto-exploring this place.
 F = Levels seen in this place.
 G = Mean time per level.
                   A        B        C        D        E       F      G
               +--------+--------+--------+--------+--------+-----+--------+
         Total |   8390 |   8260 |    130 |   1197 |   5127 |  10 |  839.0 |
       Dungeon |   8311 |   8181 |    130 |   1197 |   5127 |   9 |  923.4 |
        Temple |     78 |     78 |      0 |      0 |      0 |   1 |   78.0 |
               +--------+--------+--------+--------+--------+-----+--------+

Top non-repeatable levels by time:
     D:1: 1550 daAuts
     D:2: 1419 daAuts
     D:4: 1163 daAuts
     D:8: 888 daAuts
     D:5: 883 daAuts
     D:7: 851 daAuts
     D:3: 849 daAuts
     D:6: 542 daAuts
     D:9: 163 daAuts
  Temple: 78 daAuts
